 Dungeon Crawl Stone Soup version 0.29.1-12-g30fa7ad0bf (webtiles) character file.

Game seed: 14440540920281058235

256 concernfroge the Trooper (level 5, -9/47 HPs)
             Began as a Mummy Monk on Dec 23, 2022.
             Was an Initiate of Ru.
             Mangled by a vampire (11 damage)
             ... on level 5 of the Dungeon.
             The game lasted 00:10:23 (4146 turns).

concernfroge the Trooper (Mummy Monk)               Turns: 4146, Time: 00:10:23

Health: -9/47      AC: 14    Str: 16    XL:     5   Next: 92%
Magic:  5/5        EV:  5    Int: 10    God:    Ru [......]
Gold:   222        SH:  0    Dex: 14    Spells: 4/4 levels left

rFire   x . .      SeeInvis .   d - +0 war axe
rCold   + . .      Faith    .   (no shield)
rNeg    + + +      Spirit   .   e - +0 plate armour
rPois   ∞          Reflect  .   s - +0 helmet
rElec   .          Harm     .   l - +0 cloak
rCorr   .          Rampage  .   (no gloves)
Will    .....                   v - +1 pair of boots
Stlth   ..........              (no amulet)
HPRegen 0.15/turn               (no ring)
MPRegen 0.09/turn               (no ring)

@: silenced (expiring)
A: cold resistance 1, negative energy resistance 3, torment resistance 2, heat
vulnerability 1, in touch with death 1, no potions
a: Renounce Religion


You were on level 5 of the Dungeon.
You worshipped Ru.
Ru was noncommittal.
You visited 2 branches of the dungeon, and saw 6 of its levels.

You collected 222 gold pieces.

Inventory:

Hand Weapons
 a - a +0 spear
 d - a +0 war axe (weapon)
Missiles
 f - 52 stones
 k - 11 poisoned darts (quivered)
 n - 5 boomerangs
 u - 6 boomerangs of dispersal
Armour
 e - a +0 plate armour (worn)
 l - a +0 cloak (worn)
 s - a +0 helmet (worn)
 v - a +1 pair of boots (worn)
Wands
 t - a wand of mindburst (18)
Scrolls
 b - a scroll of fog
 c - a scroll of fear
 g - a scroll of torment
 j - 2 scrolls of teleportation
 m - a scroll of blinking {unknown}
 o - a scroll of immolation {unknown}
 p - 2 scrolls of magic mapping {unknown}
 q - 2 scrolls of enchant armour {unknown}
 r - 2 scrolls of vulnerability {unknown}


   Skills:
 + Level 6.4 Fighting
 - Level 2.4 Polearms
 + Level 1.3 Throwing
 - Level 2.4 Dodging
 - Level 1.5 Stealth


You had 4 spell levels left.
You didn't know any spells.
Your spell library contained the following spells:

 Spells                   Type           Power      Damage    Failure   Level
 Conjure Flame            Conj/Fire      0%         6-21      100%        3
 Ignite Poison            Fire/Tmut/Pois 0%         N/A       100%        3
 Stone Arrow              Conj/Erth      0%         3d7       100%        3
 Summon Guardian Golem    Hex/Summ       0%         N/A       100%        3
 Animate Armour           Summ/Erth      0%         N/A       100%        4
 Sticky Flame             Conj/Fire      0%         2d3       100%        4
 Orb of Destruction       Conj           0%         9d5       100%        7
 Spellforged Servitor     Conj/Summ      0%         N/A       100%        7
 Lehudib's Crystal Spear  Conj/Erth      0%         10d2      100%        8


Dungeon Overview and Level Annotations

Branches:
Dungeon (5/15)             Temple (1/1) D:4

Altars:
Ashenzari
Cheibriados
Dithmenos
Fedhas
Makhleb
Ru
Sif Muna
Trog
Uskayaw
Vehumet
Wu Jian


Innate Abilities, Weirdness & Mutations

You are immune to poison.
Your flesh is cold resistant. (rC+)
You are immune to negative energy. (rN+++)
You are immune to unholy pain and torment.
You are vulnerable to heat. (rF-)
You are in touch with the powers of death.
You do not drink.


Message History

The vampire bites you but does no damage.
You barely miss the vampire. You punch the vampire.
The vampire is heavily damaged.
The vampire hits you. The vampire bites you!
The vampire hits you but does no damage.
The vampire barely misses you.
You hit the vampire.
The vampire is severely damaged.
The vampire hits you but does no damage.
The vampire barely misses you.
You closely miss the vampire.
The vampire is severely damaged.
The vampire hits you but does no damage.
The vampire bites you but does no damage.
You closely miss the vampire.
The vampire is severely damaged.
The vampire hits you! The vampire barely misses you. The vampire hits you.
* * * LOW HITPOINT WARNING * * *
The vampire barely misses you.
You closely miss the vampire.
The vampire is severely damaged.
The vampire hits you but does no damage.
The vampire bites you.
* * * LOW HITPOINT WARNING * * *
You slash the vampire!
The vampire is almost destroyed.
The vampire barely misses you. The vampire bites you.
* * * LOW HITPOINT WARNING * * *
The vampire hits you.
* * * LOW HITPOINT WARNING * * *
The vampire bites you.
* * * LOW HITPOINT WARNING * * *
You barely miss the vampire.
The vampire is almost destroyed.
The vampire casts a spell.
The vampire flickers and vanishes!
Deactivating autopickup; reactivate with Ctrl-A.
You closely miss something. Something hits you but does no damage.
Something bites you!
You die...

###.#.#
#.#.######
###.........
###.....######
#####...##..##
......####...###
.###### ##.#...#
.# ##
#..###.#####...#
##.## #.#@{....#
#..# #...###.##
#.## ##### #.#
###.# ##...#
#..### #.## ###
#.#


There were no monsters in sight!

Vanquished Creatures
  A scorpion (D:4)
  A hound (D:5)
  2 iguanas (D:4)
  2 adders
  A worm (D:2)
  5 dart slugs
  An orc (D:4)
  9 ball pythons
  11 endoplasms
  7 giant cockroaches
  4 hobgoblins
  5 kobolds
  4 quokkas
  9 bats
  5 frilled lizards
  8 goblins
  7 rats
82 creatures vanquished.

Notes
Turn   | Place    | Note
-------+----------+-------------------------------------------
     0 | D:1      | concernfroge the Mummy Monk began the quest for the Orb.
     0 | D:1      | Reached XP level 1. HP: 18/18 MP: 1/1
    41 | D:1      | Found a faded altar of an unknown god.
   215 | D:1      | Reached XP level 2. HP: 24/24 MP: 2/2
   408 | D:1      | Reached skill level 4 in Fighting
   680 | D:1      | Gained mutation: You are in touch with the powers of death.
                  | [Mummy growth]
   680 | D:1      | Reached XP level 3. HP: 28/30 MP: 3/3
  1753 | D:2      | Reached XP level 4. HP: 38/38 MP: 4/4
  2020 | D:3      | Reached skill level 5 in Fighting
  2178 | D:3      | Found a sacrificial altar of Ru.
  2216 | D:3      | Found a bloodstained altar of Trog.
  2611 | D:3      | Became a worshipper of Ru the Awakened
  2827 | D:4      | Found a staircase to the Ecumenical Temple.
  2836 | Temple   | Entered the Ecumenical Temple
  3019 | D:4      | Noticed a scorpion
  3025 | D:4      | Killed a scorpion
  3026 | D:4      | Reached skill level 6 in Fighting
  3026 | D:4      | Reached XP level 5. HP: 46/46 MP: 5/5
  3473 | D:4      | Reached skill level 1 in Throwing
  3974 | D:5      | Entered Level 5 of the Dungeon
  4133 | D:5      | Noticed a vampire
  4144 | D:5      | HP: 2/47 [vampire (6)]
  4146 | D:5      | Mangled by a vampire

Illustrated notes

Levels and vault maps discovered:
D:1:      erik_arrival_triangle_medium, layout_loops_ring,
          shapermc_ecumenical_altar_venn
D:2:      layout_basic, kennysheep_generic_room_2
D:3:      layout_basic, nicolae_ru_the_path_less_chosen,
          mainiacjoe_overflow_paths, hangedman_feature_mirror
D:4:      layout_basic, minmay_temple_entry_large_hall,
          hangedman_abyss_or_decor_lesser_grid
D:5:      layout_rooms, chequers_temple_overflow_minitemple, serial_shops, shop,
          nicolae_shop_trees, minmay_joined_circles, uniq_edmund
Temple:   nicolae_temple_ecumenical_triangle

Skill      XL: |  1  2  3  4  5 |
---------------+----------------+-----
Fighting       | 4 6 |  6.4
Throwing       | 1 |  1.3
Polearms       | |  2.4
Dodging        | |  2.4
Stealth        | |  1.5

Action                   |  1- 3 |  4- 6 || total
-------------------------+-------+-------++-------
Melee: Spear             |    42 |       ||    42
       War axe           |    93 |   105 ||   198
       Punch             |     2 |     1 ||     3
Throw: Dart              |       |     7 ||     7
       Boomerang         |       |     5 ||     5
Invok: Reject Sacrifices |       |     1 ||     1
  Use: Scroll            |       |     6 ||     6
 Stab: Sleeping          |     4 |       ||     4
Armor: Robe              |     9 |       ||     9
       Ring mail         |     8 |       ||     8
       Plate armour      |    65 |    90 ||   155
Dodge: Dodged            |    45 |    28 ||    73
